 Dungeon Crawl Stone Soup version 0.26-a0-712-ga5a9c9c9d0 (webtiles) character file.

Game seed: 6794653429714538475

557 kae the Insei (level 7, -7/72 HPs)
             Began as a Demonspawn Transmuter on Nov 10, 2020.
             Mangled by an ogre
             ... wielding a +0 giant club
              (14 damage)
             ... on level 4 of the Dungeon.
             The game lasted 00:04:13 (4536 turns).

kae the Insei (Demonspawn Transmuter)               Turns: 4536, Time: 00:04:13

Health: -7/72      AC: 23    Str: 12    XL:     7   Next: 9%
Magic:  6/11       EV:  2    Int: 15    God:
Gold:   164        SH:  0    Dex: 13    Spells: 8/12 levels left

rFire    . . .     SeeInvis .     - Unarmed
rCold    . . .     Faith    .   (no shield)
rNeg     + + +     Spirit   .   (armour currently unavailable)
rPois    +         Reflect  .   (helmet currently unavailable)
rElec    .         Harm     .   (cloak currently unavailable)
rCorr    .         Rampage  .   (gloves currently unavailable)
MR       .....     NoTele   +   (boots currently unavailable)
Stlth    +.........             (no amulet)
HPRegen  0.22/turn              (no ring)
MPRegen  0.12/turn              (no ring)

@: tree-form
A: powered by death 1
a: no special abilities


You were on level 4 of the Dungeon.
You were a tree.
You visited 1 branch of the dungeon, and saw 4 of its levels.

You collected 164 gold pieces.

Inventory:

Armour
 a - a +0 robe (melded)
 o - a +1 pair of gloves (melded)
 p - a +0 pair of boots (melded)
 r - a +0 cloak (melded)
Jewellery
 g - an uncursed ring of protection from magic {unknown}
Wands
 q - a wand of polymorph (6)
Scrolls
 e - 3 scrolls of identify
 h - 2 scrolls of remove curse {unknown}
 i - 3 scrolls of teleportation {unknown}
 l - 2 scrolls of fog {unknown}
 m - a scroll of noise {unknown}
 n - 2 scrolls of immolation {unknown}
Potions
 f - 2 potions of mutation
 j - 2 potions of resistance


   Skills:
 - Level 1.0 Fighting
 - Level 2.0 Dodging
 * Level 5.1 Unarmed Combat
 - Level 3.0 Spellcasting
 * Level 4.5 Transmutations
 - Level 2.0 Poison Magic


You had 8 spell levels left.
You knew the following spells:

 Your Spells              Type           Power        Failure   Level
a - Beastly Appendage     Tmut           ###...       3%          1
b - Spider Form           Tmut/Pois      ##........   16%         3

Your spell library contained the following spells:

 Spells                   Type           Power        Failure   Level
 Wereblood                Tmut           ###.....     4%          2
 Ice Form                 Ice/Tmut       #.......     61%         4
 Blade Hands              Tmut           ###.......   65%         5


Dungeon Overview and Level Annotations

Branches:
Dungeon (4/15)
 Temple: D:4-7

Altars:


Innate Abilities, Weirdness & Mutations

((You have a pair of horns on your head.))
((You are partially covered in large bone plates. (SH +4)))
You regenerate a little health from kills.


Message History

The orc wizard points at you and mumbles some strange words.
The magic dart hits you!
* * * LOW HITPOINT WARNING * * *
The ogre completely misses you.
The orc throws a boomerang.
The boomerang completely misses you.
The weapon returns to the orc!
Okay, then.
It was a potion of lignification.
Your transformation has ended.
Your +0 cloak unmelds from your body.
Your +1 pair of gloves unmelds from your body.
Your +0 pair of boots unmelds from your body.
Your +0 robe unmelds from your body.
You turn into a tree.
Your +0 cloak melds into your body.
Your +1 pair of gloves melds into your body.
Your +0 pair of boots melds into your body.
Your +0 robe melds into your body.
Your roots penetrate the ground.
The orc throws a boomerang.
The boomerang hits you.
* * * LOW HITPOINT WARNING * * *
The weapon returns to the orc!
The ogre hits you with a +0 giant club!
You die...

.##†#.......,,,,********,**
..#.###.......#.# *_,,****
#.[.###.##....#.#######,,,,+,*
.........#.##.........#_,,**,*
.#.##..........#......##,**,,*
............$..#...^...#*#*,**
.#.................o..##.#*,*
.#.##..>.......#..........,,*
...##..........O♣o.....#*****
..[.....####.....o...#.#
......#.# ##..!.....#,*
.####.#.# #####.####<#,*
.)†.....###............#*******
.####....##.###..###......,,,,*
...###......# ##...o........,,*
.(?#*#......# *####........,,*
..........#.#******#........,,*


You could see an ogre (extremely poisoned), an orc wizard (fast) and 2 orcs.

Vanquished Creatures
  Sigmund (D:3)
  Purgy (D:3)
  A phantom (D:4)
  A centaur skeleton (D:4)
  Crazy Yiuf (D:3)
  An orc wizard (D:3)
  A worker ant (D:4)
  2 adders
  2 oozes (D:1)
  2 worms
  2 dart slugs (D:2)
  3 leopard geckos
  9 orcs
  A giant cockroach (D:1)
  6 goblins
  8 hobgoblins
  4 jackals
  10 kobolds
  4 quokkas
  3 bats
  6 frilled lizards
  A quokka skeleton (D:4)
  6 rats
76 creatures vanquished.

Notes
Turn   | Place    | Note
-------+----------+-------------------------------------------
     0 | D:1      | kae the Demonspawn Transmuter began the quest for the Orb.
     0 | D:1      | Reached XP level 1. HP: 15/15 MP: 3/3
   522 | D:1      | Mutation became permanent: You have a pair of small horns
                  | on your head. [demonic ancestry]
   522 | D:1      | Gained mutation: You have a pair of horns on your head.
                  | [demonic ancestry]
   522 | D:1      | Reached XP level 2. HP: 21/21 MP: 3/5
   700 | D:1      | Reached skill level 3 in Unarmed Combat
   906 | D:1      | Gained mutation: You regenerate a little health from kills.
                  | [demonic ancestry]
   906 | D:1      | Reached XP level 3. HP: 26/26 MP: 4/6
  1006 | D:1      | Learned a level 3 spell: Spider Form
  2354 | D:3      | Noticed Sigmund
  2805 | D:3      | Gained mutation: You are partially covered in large bone
                  | plates. (SH +4) [demonic ancestry]
  2805 | D:3      | Reached XP level 4. HP: 28/32 MP: 7/7
  2951 | D:3      | Reached skill level 1 in Poison Magic
  3056 | D:3      | Found a runed translucent door.
  3057 | D:3      | Noticed Crazy Yiuf
  3156 | D:3      | Noticed Purgy
  3197 | D:3      | Killed Purgy
  3197 | D:3      | Reached XP level 5. HP: 13/37 MP: 3/9
  3714 | D:3      | Killed Crazy Yiuf
  3714 | D:3      | Reached skill level 4 in Unarmed Combat
  3854 | D:3      | Killed Sigmund
  3854 | D:3      | Gained mutation: You have a pair of horns on your head.
                  | [demonic ancestry]
  3854 | D:3      | Reached XP level 6. HP: 30/43 MP: 7/10
  4410 | D:4      | Reached skill level 5 in Unarmed Combat
  4410 | D:4      | Reached XP level 7. HP: 27/48 MP: 9/11
  4536 | D:4      | Mangled by an ogre

Illustrated notes

Levels and vault maps discovered:
D:1:      matt_arrival_spirals, layout_loops_ring, minmay_heptomino_h4
D:2:      layout_loops_corners
D:3:      layout_basic, kennysheep_cross_bottleneck, minmay_misc_feat_chi,
          moated_statue, uniq_crazy_yiuf_cottage, uniq_purgy, uniq_sigmund
D:4:      layout_rooms, grunt_temple_overflow_lords_of_destruction,
          kennysheep_mini_moat, nicolae_ossuary_entry_giza,
          gup_sewer_entry_bowl, tgw_sif

Skill      XL: |  1  2  3  4  5  6 |
---------------+-------------------+-----
Dodging        | 2 |  2.0
Transmutations | 2 3 4 |  4.5
Unarmed Combat | 3 4 5 |  5.1
Poison Magic   | 2 |  2.0
Spellcasting   | 3 |  3.0
Fighting       | |  1.0

Action                   |  1- 3 |  4- 6 |  7- 9 || total
-------------------------+-------+-------+-------++-------
Melee: Unarmed           |   136 |    93 |    15 ||   244
       Kick              |    20 |     6 |       ||    26
       Headbutt          |    21 |    10 |       ||    31
       Punch             |       |     1 |       ||     1
 Cast: Beastly Appendage |    32 |     6 |       ||    38
       Spider Form       |       |     6 |     3 ||     9
  Use: Scroll            |       |     6 |       ||     6
       Potion            |       |     2 |     2 ||     4
 Stab: Sleeping          |     2 |       |       ||     2
Armor: Robe              |    28 |     8 |       ||    36
       Skin              |       |     5 |     1 ||     6
Dodge: Dodged            |    94 |    56 |    21 ||   171
Block: Other             |       |     6 |       ||     6

Table legend: (Time is in decaauts)
 A = Elapsed time spent in this place.
 B = Non-inter-level travel time spent in this place.
 C = Inter-level travel time spent in this place.
 D = Time resting spent in this place.
 E = Time spent auto-exploring this place.
 F = Levels seen in this place.
 G = Mean time per level.
                   A        B        C        D        E       F      G
               +--------+--------+--------+--------+--------+-----+--------+
         Total |   4514 |   4243 |    271 |    268 |   3314 |   4 | 1128.5 |
       Dungeon |   4514 |   4243 |    271 |    268 |   3314 |   4 | 1128.5 |
               +--------+--------+--------+--------+--------+-----+--------+

Top non-repeatable levels by time:
     D:3: 1833 daAuts
     D:2: 1271 daAuts
     D:1: 1253 daAuts
     D:4: 156 daAuts
